 Dungeon Crawl Stone Soup version 0.29.1-14-g9c671dbff4 (webtiles) character file.

Game seed: 12824198559127592064

230 Ast3rio the Chopper (level 6, -6/53 HPs)
             Began as a Hill Orc Fighter on Feb 14, 2023.
             Mangled by a gnoll
             ... wielding a +0 halberd
             ... led by a gnoll bouda
              (8 damage)
             ... on level 4 of the Dungeon.
             The game lasted 00:04:30 (2615 turns).

Ast3rio the Chopper (Hill Orc Fighter)              Turns: 2615, Time: 00:04:31

Health: -6/53      AC:  7    Str: 21    XL:     6   Next: 3%
Magic:  6/6        EV:  9    Int:  8    God:
Gold:   120        SH:  4    Dex: 10    Spells: 5/5 levels left

rFire   . . .      SeeInvis .   a - +0 war axe
rCold   . . .      Faith    .   c - +0 buckler
rNeg    . . .      Spirit   .   b - +0 scale mail
rPois   .          Reflect  .   (no helmet)
rElec   .          Harm     .   (no cloak)
rCorr   .          Rampage  .   (no gloves)
Will    .....                   (no boots)
Stlth   ..........              (no amulet)
HPRegen 0.17/turn               (no ring)
MPRegen 0.10/turn               (no ring)

@: no status effects
A: no striking features
a: no special abilities


You were on level 4 of the Dungeon.
You visited 1 branch of the dungeon, and saw 4 of its levels.

You collected 120 gold pieces.

Inventory:

Hand Weapons
 a - a +0 war axe (weapon)
Armour
 b - a +0 scale mail (worn)
 c - a +0 buckler (worn)
Jewellery
 f - a ring of protection from fire
 k - a ring of ice
 m - a ring of flight
Wands
 o - a wand of polymorph (8)
 p - a wand of flame (28)
Scrolls
 e - a scroll of enchant armour {unknown}
 h - 3 scrolls of teleportation {unknown}
 i - a scroll of blinking {unknown}
 j - a scroll of butterflies {unknown}
 n - a scroll of noise {unknown}
Potions
 d - a potion of might
 g - a potion of curing
 l - a potion of mutation {unknown}
 q - a potion of haste {unknown}


   Skills:
 + Level 4.6 Fighting
 + Level 6.1 Axes
 + Level 4.0 Armour
 + Level 0.7 Dodging
 + Level 0.1 Stealth
 + Level 3.7 Shields


You had 5 spell levels left.
You didn't know any spells.
Your spell library contained the following spells:

 Spells                   Type           Power      Damage    Failure   Level
 Sandblast                Erth           0%         2d4       83%         1
 Passwall                 Tmut/Erth      0%         N/A       92%         2
 Stone Arrow              Conj/Erth      0%         3d7       99%         3


Dungeon Overview and Level Annotations

Branches:
Dungeon (4/15)
 Temple: D:4-7

Altars:
Hepliaklqana
Wu Jian


Message History

You barely miss the gnoll bouda. You barely miss the gnoll bouda.
The gnoll completely misses you.
The gnoll bouda barks out a call to the hunt!
The gnolls pick up the pace!
You barely miss the gnoll bouda.
The gnoll hits you from afar with a +0 halberd.
You block the gnoll bouda's attack.
The gnoll hits you from afar with a +0 halberd!
You slash the gnoll bouda!
The gnoll bouda is severely wounded.
You slash the gnoll! The gnoll bouda closely misses you.
The gnoll barely misses you. The gnoll closely misses you.
The gnoll bouda hits you with a +0 club.
You hit the gnoll but do no damage.
The gnoll is severely wounded.
You completely miss the gnoll bouda. You block the gnoll's attack.
The gnoll hits you from afar with a +0 halberd!
The gnoll bouda closely misses you. The gnoll hits you but does no damage.
You hit the gnoll bouda.
The gnoll bouda is almost dead.
You hit the gnoll.
You kill the gnoll!
The gnoll closely misses you.
The gnoll bouda hits you with a +0 club!
You slash the gnoll bouda!
You kill the gnoll bouda!
You slash the dart slug! The gnoll hits you but does no damage.
The dart slug bites you but does no damage.
The gnoll hits you from afar with a +0 halberd.
Your Axes skill increases to level 6!
You have reached level 6!
The gnoll hits you from afar with a +0 halberd!
* * * LOW HITPOINT WARNING * * *
Things that are here:
a +0 club; a +0 robe; a gnoll corpse The dart slug launches a dart at you.
The slug dart hits you.
* * * LOW HITPOINT WARNING * * *
The gnoll hits you from afar with a +0 halberd!
You die...

###.......# .
#........♣..# .
..###...._..# . #
#.###....)..# . #.#
..#.#.......###. #...
#...#....(.....# ##...
##g..#.....(.##.#
......##....#...~~.(#...
.....<.@).).#.~~~~..#...
#.......w...#.~~~~~~#...
##.######...#~~~~~~~#>..
##..#########>.≈ ##...#
#..≈ ##'## #... #.# #..≈
##.########..≈
####........###..


You could see a gnoll (swift) and a dart slug.

Vanquished Creatures
  A hound (D:4)
  A gnoll bouda (D:4)
  Natasha (thrice) (D:2)
  4 gnolls (D:4)
  An adder (D:3)
  A worm (D:2)
  A dart slug (D:1)
  5 ball pythons
  4 endoplasms
  3 goblins
  8 hobgoblins
  4 quokkas
  3 bats
  6 frilled lizards
  A rat (D:2)
46 creatures vanquished.

Notes
Turn   | Place    | Note
-------+----------+-------------------------------------------
     0 | D:1      | Ast3rio the Hill Orc Fighter began the quest for the Orb.
     0 | D:1      | Reached XP level 1. HP: 19/19 MP: 1/1
   126 | D:1      | Reached XP level 2. HP: 24/27 MP: 2/2
   351 | D:1      | Found a faded altar of an unknown god.
   399 | D:1      | Reached skill level 3 in Axes
  1097 | D:2      | Reached XP level 3. HP: 29/33 MP: 3/3
  1230 | D:2      | Noticed Natasha
  1235 | D:2      | Killed Natasha
  1367 | D:2      | Reached XP level 4. HP: 40/40 MP: 4/4
  1422 | D:2      | Noticed Natasha
  1429 | D:2      | Killed Natasha
  1430 | D:2      | Reached skill level 4 in Axes
  1586 | D:2      | Noticed Natasha
  1601 | D:2      | Killed Natasha
  1807 | D:2      | Reached XP level 5. HP: 47/47 MP: 5/5
  2020 | D:3      | Reached skill level 5 in Axes
  2197 | D:3      | You fall into a shaft and drop 1 floor!
  2197 | D:4      | Found an ornate altar of the Wu Jian Council.
  2206 | D:4      | Found a hazy altar of Hepliaklqana.
  2614 | D:4      | Reached skill level 6 in Axes
  2614 | D:4      | Reached XP level 6. HP: 18/53 MP: 6/6
  2615 | D:4      | HP: 2/53 [dart slug/slug dart (4)]
  2615 | D:4      | Mangled by a gnoll

Illustrated notes

Levels and vault maps discovered:
D:1:      erik_arrival_cave_to_civilisation [erik_arrival_cave_to_hall],
          layout_basic, hellmonk_ecumenical_altar_run_dry
D:2:      layout_rooms, uniq_natasha
D:3:      layout_rooms, serial_shops, shop
D:4:      layout_loops_corners, nicolae_gozag_seed_capital,
          mainiacjoe_overflow_small_starburst, nzn_wu_jian_contemplation,
          dk_vineyard_2

Skill      XL: |  1  2  3  4  5 |
---------------+----------------+-----
Axes           | 3 4 6 |  6.1
Fighting       | 4 |  4.6
Armour         | 4 |  4.0
Dodging        | |  0.7
Stealth        | |  0.1
Shields        | |  3.7

Action                   |  1- 3 |  4- 6 || total
-------------------------+-------+-------++-------
Melee: War axe           |    84 |    83 ||   167
Armor: Scale mail        |    49 |    29 ||    78
       Skin              |       |     3 ||     3
Dodge: Dodged            |    42 |    34 ||    76
Block: Buckler           |    21 |    12 ||    33
